woodfighter, chaotic female elven Priestess ------------- ----------- ------------ |...........| ...*......| --------- |..........| |......{....+ |.........| |.kooGoG| |..........-#######|...........| ......`....####.>@hokGG| |..........| #............| --|-------- |.GhGhoo| -----.------ |...........| #### ..oGhhkh| ## --------|---- # --------- # # # # ### # # # # # ## # # -%---- -----------|-- ---------.------ |.^..| #.............| |.........)....| |[....####|............| |..............| |....|####+............| |........<.....| |.....# |..........(.| ---------------- |....| -------------- ------ woodfighter the Acolyte Experience level: 4 Strength: 10 Dexterity: 12 Constitution: 14 Intelligence: 21 Wisdom: 8 Charisma: 8 Health: 0(39) Energy: 30(38) Def: 8 Gold: 394 Moves: 2298 Dungeon seed: 0CAwi26BHrSgvV11 Game ID: woodfighter_1490201857 Your Inventory: Coins $ - 394 gold pieces Weapons a - a blessed +1 mace (weapon in hand) Armor e - a +0 robe (being worn) n - a blessed +0 small shield (being worn) q - a blessed +1 orcish helm (being worn) z - a +1 leather armor (being worn) Comestibles d - a sprig of wolfsbane B - a tripe ration Scrolls k - a blessed scroll of earth v - a scroll of enchant armor C - 3 scrolls of scare monster J - a scroll of stinking cloud Spellbooks g - a spellbook of create monster h - a spellbook of detect monsters i - a spellbook of protection w - a blessed spellbook of magic missile named 1 Potions b - 5 potions of holy water x - a potion of object detection Wands f - a wand of cancellation (0:1) A - a wand of polymorph (0:4) Tools j - a tooled horn y - a skeleton key Spells and supernatural/magical abilities: Name Level Category Fail Memory m - magic missile 2 attack 24% 93% n - detect monsters 1 divination 0% 89% p - protection 1 clerical 0% 89% O - create monster 2 clerical 0% 89% W - pray for help -- divine ? -- X - turn undead -- divine ? -- Your skills at the end: Miscellaneous Skills shield [Basic] wands [Basic] Weapon Skills mace [Basic] Spellcasting Skills clerical spells [Basic] Final Attributes: You were piously aligned. You were sleep resistant. You had infravision. You were somewhat stealthy. You are dead. Vanquished creatures: a rock piercer a gnome lord a floating eye an iguana a rabid rat a jitterbug 2 hobbits 3 geckos 2 hobgoblins a giant rat a cave spider a gnome zombie 4 jackals a kobold 3 newts 3 goblins 3 lichens a kobold zombie 31 creatures vanquished. Voluntary challenges: You did not adorn yourself with jewelry or accessories. You did not cause conflict. You were not invisible. You did not have reflection. You were not displaced. You had been an atheist until turn 2126. You used a wielded weapon 42 times, starting on turn 68. You did not apply a unicorn horn. You did not use plumbed fixtures. You did not drink any magical draughts. You read items or engraved 2 times, starting on turn 790. You never genocided any monsters. You never polymorphed an object. You never changed form. You used no wishes. You never split a pudding. You never wrote Elbereth's name. You never violated your personal moral code. Dungeon overview: The Dungeons of Doom: levels 1 to 6 Level 1 a long staircase Level 2 a general store, an altar to Manannan Mac Lir, a fountain Level 3 (vault) stairs to The Gnomish Mines Level 4 a general store Level 5 an armor shop Level 6 <- You were here a fountain, a throne The Gnomish Mines: Level 4 stairs to The Dungeons of Doom History has recorded: On T:1 you entered the Dungeons of Doom to retrieve the Amulet of Yendor! On T:143 you reached level 2 of The Dungeons of Doom. On T:376 you reached level 3 of The Dungeons of Doom. On T:653 you advanced to experience level 2. On T:804 you reached level 1 of The Gnomish Mines. On T:1008 you reached level 4 of The Dungeons of Doom. On T:1116 you advanced to experience level 3. On T:1659 you advanced to experience level 4. On T:1692 you reached level 5 of The Dungeons of Doom. On T:1961 you reached level 6 of The Dungeons of Doom. On T:2126 you prayed to Manannan Mac Lir. On T:2298 you prayed to Manannan Mac Lir. Score breakdown: Gold: 394 ( 39 points) Experience: 4 levels ( 300 points) Exploration: 6 levels ( 150 points) Discoveries: 14 items ( 700 points) Variety of kills: 18 monsters ( 900 points) Major goal: (nothing yet) ( 0 points) Survival: died (score multiplied by 3) Total score: 6267 Latest messages: You see here 6 rocks. You have a little trouble lifting C - a scroll called scare monster. Your movements are slowed slightly because of your load. You see here a statue of a yellow mold. Someone shouts "Off with her head!" You enter an opulent throne room! You stop exploring. The bugbear punches you! The kobold lord misses. You hit the bugbear. The bugbear misses. You hit the bugbear! The bugbear zaps himself with an iron wand! The kobold lord punches you! You have a little trouble lifting $ - 182 gold pieces. You see here a chest. The bugbear punches you! The gnome king punches you! The bugbear zaps a steel wand! The wand hits you! The bugbear punches you! The gnome king punches you! The kobold lord punches you! You begin praying to Manannan Mac Lir. The gnome king punches you! You die... Final status: Goodbye woodfighter the Priestess, killed by a gnome king, while praying... You died in The Dungeons of Doom on dungeon level 6 with 6267 points, and 394 pieces of gold, after 2298 moves. You were level 4 with a maximum of 39 hit points when you died.